 Dungeon Crawl Stone Soup version 0.30-a0-457-g4b7bca3bfa (webtiles) character file.

Game seed: 5211147896318343496

918 kae the Ruffian (level 7, -2/52 HPs)
             Began as a Red Draconian Transmuter on Dec 13, 2022.
             Was an Initiate of Ru.
             Slain by an iguana (9 damage)
             ... on level 6 of the Dungeon.
             The game lasted 00:04:54 (4634 turns).

kae the Ruffian (Red Draconian Transmuter)          Turns: 4634, Time: 00:04:54

Health: -2/52      AC:  6    Str: 12    XL:     7   Next: 83%
Magic:  3/13       EV: 16    Int: 16    God:    Ru [......]
Gold:   1250       SH:  0    Dex: 11    Spells: 5/15 levels left

rFire   + . .      SeeInvis .      - Unarmed
rCold   . . .      Faith    .    (no shield)
rNeg    + . .      Spirit   .    (body armour unavailable)
rPois   .          Reflect  .    (helmet restricted)
rElec   .          Harm     .    (no cloak)
rCorr   .          Rampage  .    (no gloves)
Will    .....                    (no boots)
Stlth   +.........               (no amulet)
HPRegen 0.28/turn                E - +4 ring of evasion
MPRegen 0.13/turn                N - ring of positive energy

@: very slightly contaminated
A: breathe fire, AC +6, unfitting armour, fire resistance 1, cold-blooded
a: Breathe Fire, Renounce Religion


You were on level 6 of the Dungeon.
You worshipped Ru.
Ru was noncommittal.
You visited 2 branches of the dungeon, and saw 7 of its levels.

You collected 1294 gold pieces.
You spent 44 gold pieces at shops.


Innate Abilities, Weirdness & Mutations

You can breathe blasts of fire.
Your fiery red scales are hard. (AC +6)
You cannot fit into any form of body armour.
Your flesh is heat resistant. (rF+)
You are cold-blooded and may be slowed by cold attacks.


   Skills:
 - Level 1.1 Fighting
 - Level 1.7 Dodging
 + Level 5.4 Unarmed Combat
 + Level 4.6 Spellcasting
 + Level 4.9 Transmutations
 + Level 2.3 Ice Magic
 - Level 2.1 Poison Magic


You had 5 spell levels left.
You knew the following spells:

 Your Spells              Type           Power      Damage    Failure   Level
a - Beastly Appendage     Tmut           38%        N/A       1%          1
b - Wereblood             Tmut           19%        N/A       3%          2
c - Spider Form           Tmut/Pois      15%        N/A       11%         3
d - Ice Form              Ice/Tmut       15%        N/A       34%         4

Your spell library contained the following spells:

 Spells                   Type           Power      Damage    Failure   Level
 Freeze                   Ice            44%        1d6       6%          1
 Slow                     Hex            12%        N/A       16%         1
 Poisonous Vapours        Pois/Air       14%        N/A       16%         2
 Cigotuvi's Dreadful Rot  Necr/Pois/Air  12%        N/A       19%         2
 Frozen Ramparts          Ice            22%        1d4       19%         3
 Hailstorm                Conj/Ice       7%         3d4       28%         3
 Mephitic Cloud           Conj/Pois/Air  6%         N/A       34%         3
 Call Canine Familiar     Summ           3%         N/A       43%         3
 Confusing Touch          Hex            3%         N/A       43%         3
 Portal Projectile        Hex/Tloc       6%         N/A       43%         3
 Vampiric Draining        Necr           3%         2d6       43%         3
 Vhi's Electric Charge    Tloc/Air       6%         N/A       43%         3
 Leda's Liquefaction      Hex/Erth       1%         N/A       85%         4
 Arcjolt                  Conj/Air       1%         1d11      99%         5
 Maxwell's Capacitive Co  Air            1%         ∞         100%        8

Inventory:

Missiles
 b - 51 stones
 h - 3 javelins
Jewellery
 C - a ring of ice
   (You found it on level 4 of the Dungeon)
 E - a +4 ring of evasion (left hand)
   (You found it on level 3 of the Dungeon)
 N - a ring of positive energy (right hand)
   (You found it on level 5 of the Dungeon)
Wands
 k - a wand of polymorph (9)
   (You found it on level 4 of the Dungeon)
 o - a wand of flame (23)
   (You found it on level 4 of the Dungeon)
Scrolls
 d - a scroll of fear
 e - 2 scrolls of enchant weapon
 l - a scroll of teleportation {@r4}
 m - a scroll of silence {!r}
 n - a scroll of fog
 r - a scroll of poison {!r}
Potions
 a - a potion of lignification {!q}
 c - 2 potions of invisibility
 f - 2 potions of brilliance {unknown}
 g - 2 potions of mutation {!q}
 i - a potion of might {unknown}
 j - a potion of magic {unknown}
 p - a potion of flight {unknown}
 q - 2 potions of haste {unknown}
 s - a potion of heal wounds {unknown}

Dungeon Overview and Level Annotations

Branches:
Dungeon (6/15) Zot: 26701  Temple (1/1) D:4 Zot: 5963

Altars:
Ashenzari
Cheibriados
Dithmenos
Elyvilon
Fedhas
Gozag
Hepliaklqana
Kikubaaqudgha
Nemelex Xobeh
Okawaru
Qazlal
Ru
Sif Muna
Trog
Uskayaw
Vehumet
Wu Jian
Xom
Yredelemnul
Zin
The Shining One

Shops:
D:1 *

Annotations:
Temple 2 transporters

##.....## #.......# #+##
#.......# ##...##
#.......# ##.....###
#......## ##.........
####......####.......PP.
...........))'..o..P....
####>.....####.ogl.g....
#......# ##.@..P....
#......# ##........
#......# ##.......
#......# #..P.PP
###.#### .g.... #.#
.##### #


You could see an orc warrior, a gnoll sergeant (wandering), an iguana, 2 gnolls
and an orc.


Message History

[Y]es or [N]o only, please.
The spell is quite dangerous to miscast (34% risk of failure)!
Continue anyway?
You miscast Ice Form.
You feel extremely cold! 😕 HP[-6] MP[-4]
You take 6 damage, and now have 46/52 hp.
You lost 4 mp, and now have 3/13 mp.
Casting: Ice Form (quite dangerous; 34% risk of failure)
Confirm with . or Enter, or press ? or * to list all spells.
You miscast Spider Form.
Nothing appears to happen. 😕 MP[-3]
You lost 3 mp, and now have 0/13 mp.
Casting: Spider Form (dangerous; 11% risk of failure)
Confirm with . or Enter, or press ? or * to list all spells.
You don't have enough magic to cast this spell.
You closely miss the gnoll.
Your tail-slap misses the gnoll.
The gnoll closely misses you. 😕 MP[+1]
You completely miss the gnoll.
The gnoll hits you from afar with a +0 spear of freezing.
You feel yourself slow down. The gnoll freezes you.
The gnoll misses you. 😕 HP[-2]
You take 2 damage, and now have 44/52 hp.
You punch the gnoll! You tail-slap the gnoll.
The gnoll hits you but does no damage.
The gnoll hits you with a +0 club. 😮 HP[-5]
You take 5 damage, and now have 39/52 hp.
You barely miss the gnoll.
You feel yourself speed up.
The gnoll closely misses you. x3; The gnoll hits you but does no damage.
You hit the gnoll but do no damage. The gnoll barely misses you.
The gnoll closely misses you. 😕 HP[+1] Unknown command.
You closely miss the gnoll.
Your tail-slap misses the gnoll.
You punch the gnoll.
You feel a bit better.
You kill the gnoll!
The gnoll hits you from afar with a +0 spear of freezing.
You feel yourself slow down. The gnoll freezes you. 😮 HP[-2]
You take 2 damage, and now have 38/52 hp.
The gnoll hits you with a +0 spear of freezing.
You feel as though you will be slow longer.
The gnoll freezes you.
Things that are here:
a +0 club; a gnoll corpse; 😮 HP[-5]
You take 5 damage, and now have 33/52 hp.
Unknown command.
You hit the gnoll. You tail-slap the gnoll. Your punch misses the gnoll.
The gnoll hits you with a +0 spear of freezing.
The gnoll freezes you. 😮 HP[-4] MP[+1]
You take 4 damage, and now have 29/52 hp.
You closely miss the gnoll. The gnoll barely misses you.
The gnoll hits you with a +0 spear of freezing.
* * * LOW HITPOINT WARNING * * *
The gnoll freezes you.
* * * LOW HITPOINT WARNING * * *
😨 HP[-6]
You take 6 damage, and now have 23/52 hp.
You hit the gnoll.
You feel yourself speed up.
Your primal bloodlust is almost over.
The gnoll completely misses you.
You hit the gnoll.
You feel a bit better.
You kill the gnoll!
You hear a shout! 😮 HP[+4]
You regained 4 hp, and now have 27/52 hp.
Unknown command.
A gnoll and an orc warrior come into view.
The orc warrior is wielding a +0 long sword of protection.
The gnoll shouts!
The orc warrior shouts!
You hear a shout!
Things that are here:
a +0 spear of freezing; a gnoll corpse An iguana and an orc come into view.
The iguana hisses angrily.
The orc shouts!
There is an open door here. 😮 MP[+1]
A gnoll comes into view. It is wielding a +0 club.
Your primal bloodlust has ended.
The gnoll shouts!
A nearby plant withers and dies.
The gnoll closely misses you. 😮 HP[+1]
The orc warrior attacks as you move away!
The orc warrior hits you with a +0 long sword of protection!
* * * LOW HITPOINT WARNING * * *
A nearby plant withers and dies.
A gnoll sergeant comes into view. It is wielding a +0 spear.
The gnoll misses you. The iguana bites you!
* * * LOW HITPOINT WARNING * * *
There is a stone staircase leading up here. 😱 HP[-21]
You take 21 damage, and now have 7/52 hp.
MASSIVE DAMAGE!! (PAUSE) Unknown command.
The iguana bites you!
You die...

Skill      XL: |  1  2  3  4  5  6  7 |
---------------+----------------------+-----
Transmutations | 3 4 |  4.9
Unarmed Combat | 4 5 |  5.4
Spellcasting   | 3 4 |  4.6
Poison Magic   | 1 2 |  2.1
Ice Magic      | 1 2 |  2.3
Fighting       | |  1.1
Dodging        | |  1.7

Action                   |  1- 3 |  4- 6 |  7- 9 || total
-------------------------+-------+-------+-------++-------
Melee: Unarmed           |   145 |   116 |    91 ||   352
       Tailslap          |    27 |     8 |     2 ||    37
       Kick              |    21 |    11 |       ||    32
       Headbutt          |    12 |     6 |       ||    18
       Punch             |     4 |     3 |     1 ||     8
 Cast: Beastly Appendage |    27 |    16 |       ||    43
       Spider Form       |       |     4 |     6 ||    10
       Ice Form          |       |     1 |     3 ||     4
       Wereblood         |       |       |     2 ||     2
  Use: Scroll            |     1 |    10 |       ||    11
Armor: Skin              |    46 |    33 |    15 ||    94
Dodge: Dodged            |   110 |    92 |    53 ||   255

Levels and vault maps discovered:
D:1:      dpeg_arrival_leaves_temple_mockup, layout_loops_ring, serial_shops,
          nicolae_shop_crystal
D:2:      minmay_skewed_foursquare, layout_basic, kennysheep_path_1,
          hangedman_decor_slide_cut, bh_walls_and_bars
D:3:      layout_rooms
D:4:      layout_cave_pools, temple_green, kennysheep_generic_room_5
D:5:      layout_cave_pools, mainiacjoe_overflow_surrounded_room,
          nicolae_hepliaklqana_monster_ancestors, chequers_serial_rivers_small_b
D:6:      layout_loops_corners, dreamdust_princess_corridor,
          nicolae_grassy_gnolls
Temple:   hellmonk_temple_divided_pantheon

Notes
Turn   | Place    | Note
-------+----------+-------------------------------------------
     0 | D:1      | kae the Draconian Transmuter began the quest for the Orb.
     0 | D:1      | Reached XP level 1. HP: 16/16 MP: 3/3
     0 | D:1      | magus.rc [v1.11.3]
   123 | D:1      | Reached XP level 2. HP: 23/23 MP: 3/5
   156 | D:1      | Learned a level 2 spell: Wereblood
   461 | D:1      | Reached XP level 3. HP: 24/28 MP: 3/6
   681 | D:1      | Found Ikkur's General Store.
   689 | D:1      | Bought a scroll of fear for 44 gold pieces
   880 | D:2      | You pick up a book of Frost and begin reading...
   880 | D:2      | You add the spells Freeze, Frozen Ramparts and Hailstorm to
                  | your library.
  1045 | D:2      | Learned a level 3 spell: Spider Form
  1348 | D:2      | Reached XP level 4. HP: 35/35 MP: 8/8
  1871 | D:2      | You pick up a book of the Hunter and begin reading...
  1871 | D:2      | You add the spells Call Canine Familiar, Portal Projectile
                  | and Leda's Liquefaction to your library.
  1938 | D:3      | Identified a scroll of acquirement
  1938 | D:3      | Acquired 849 gold pieces
  2157 | D:3      | Reached skill level 3 in Transmutations
  2628 | D:4      | Noticed a scorpion
  2639 | D:4      | Killed a scorpion
  2640 | D:4      | Reached skill level 4 in Unarmed Combat
  2640 | D:4      | Reached skill level 3 in Spellcasting
  2640 | D:4      | Reached skill level 1 in Poison Magic
  2640 | D:4      | Reached XP level 5. HP: 28/40 MP: 9/9
  2653 | D:4      | Noticed a water moccasin
  2873 | D:4      | Killed a water moccasin
  2874 | D:4      | Reached skill level 2 in Poison Magic
  2980 | D:4      | You pick up a book of Vapours and begin reading...
  2980 | D:4      | You add the spells Poisonous Vapours, Cigotuvi's Dreadful
                  | Rot and Mephitic Cloud to your library.
  3119 | D:4      | Reached XP level 6. HP: 37/47 MP: 8/11
  3178 | D:4      | Found a staircase to the Ecumenical Temple.
  3205 | Temple   | Entered the Ecumenical Temple
  3205 | Temple   | Found a transporter.
  3205 | Temple   | Found a transporter.
  3207 | Temple   | Found a transporter.
  3207 | Temple   | Found a transporter.
  3227 | Temple   | Became a worshipper of Ru the Awakened
  3434 | D:4      | Learned a level 4 spell: Ice Form
  3442 | D:5      | Entered Level 5 of the Dungeon
  3459 | D:5      | Reached skill level 4 in Transmutations
  3459 | D:5      | Reached skill level 1 in Ice Magic
  3463 | D:5      | Noticed an ice beast
  3567 | D:4      | Killed an ice beast
  3574 | D:5      | Reached skill level 4 in Spellcasting
  3574 | D:5      | Your scales start taking on a fiery red colour.
  3574 | D:5      | Reached XP level 7. HP: 52/52 MP: 9/13
  3574 | D:5      | Gained mutation: Your flesh is heat resistant. (rF+) [Red
                  | Draconian growth]
  3612 | D:5      | Reached skill level 5 in Unarmed Combat
  3682 | D:5      | You add the spells Vhi's Electric Charge, Arcjolt and
                  | Maxwell's Capacitive Coupling to your library.
  3870 | D:5      | You pick up a book of Debilitation and begin reading...
  3870 | D:5      | You add the spells Slow, Vampiric Draining and Confusing
                  | Touch to your library.
  4000 | D:5      | Reached skill level 2 in Ice Magic
  4027 | D:5      | Found a shadowy altar of Dithmenos.
  4218 | D:5      | Found a hazy altar of Hepliaklqana.
  4633 | D:6      | HP: 7/52 [iguana (9)]
  4634 | D:6      | Slain by an iguana

Vanquished Creatures
  A water moccasin (D:4)
  An ice beast (D:4)
  A sky beast (D:6)
  A centaur (D:5)
  A necrophage (D:5)
  A scorpion (D:4)
  4 hounds
  4 iguanas
  2 orc wizards (D:5)
  5 gnolls
  An adder (D:2)
  4 worms
  4 orcs
  11 endoplasms
  5 giant cockroaches
  6 goblins
  5 hobgoblins
  8 jackals
  6 quokkas
  6 ball pythons
  11 bats
  A frilled lizard (D:3)
  3 kobolds (D:1)
  6 rats
  A spectral orc (D:5)
99 creatures vanquished.

Vanquished Creatures (others)
  5 plants (D:6)
5 creatures vanquished.

Grand Total: 104 creatures vanquished

Table legend:
 A = Non-vault XP
 B = Vault XP
 C = Vault XP percentage of total XP
 D = Non-vault monster count
 E = Vault monster count
 F = Vault count percentage of total count
                 A         B        C        D         E       F
            +---------+---------+-------+---------+---------+-------
      Total |    1260 |      52 |   4.0 |      85 |      14 |  14.1
            +---------+---------+-------+---------+---------+-------
        D:1 |      49 |       0 |   0.0 |      29 |       0 |   0.0
        D:2 |      40 |      19 |  32.2 |      14 |       9 |  39.1
        D:3 |      30 |       0 |   0.0 |      15 |       0 |   0.0
        D:4 |     418 |       1 |   0.2 |      10 |       1 |   9.1
        D:5 |     555 |       4 |   0.7 |      15 |       2 |  11.8
        D:6 |     168 |      28 |  14.3 |       2 |       2 |  50.0
            +---------+---------+-------+---------+---------+-------

Illustrated notes

Table legend:
 A = Kills in this place as a percentage of kills in entire the game.
 B = Kills by you in this place as a percentage of kills by you in the entire game.
 C = Kills by friends in this place as a percentage of kills by friends in the entire game.
 D = Other kills in this place as a percentage of other kills in the entire game.
 E = Experience gained in this place as a percentage of experience gained in the entire game.
 F = Experience gained in this place divided by the number of levels of this place that you have seen.
                   A       B       C       D       E      F
               +-------+-------+-------+-------+-------+----------------------
         Total | 100.0 | 100.0 |   N/A |   N/A | 100.0 | 187.4
       Dungeon | 100.0 | 100.0 |   N/A |   N/A | 100.0 | 218.7
               +-------+-------+-------+-------+-------+----------------------

Table legend: (Time is in decaauts)
 A = Elapsed time spent in this place.
 B = Non-inter-level travel time spent in this place.
 C = Inter-level travel time spent in this place.
 D = Time resting spent in this place.
 E = Time spent auto-exploring this place.
 F = Levels seen in this place.
 G = Mean time per level.
                   A        B        C        D        E       F      G
               +--------+--------+--------+--------+--------+-----+--------+
         Total |   4621 |   4516 |    105 |    267 |   3403 |   7 |  660.1 |
       Dungeon |   4585 |   4488 |     97 |    267 |   3397 |   6 |  764.2 |
        Temple |     36 |     29 |      7 |      0 |      6 |   1 |   36.0 |
               +--------+--------+--------+--------+--------+-----+--------+

Top non-repeatable levels by time:
     D:2: 1060 daAuts
     D:1: 872 daAuts
     D:3: 788 daAuts
     D:5: 788 daAuts
     D:4: 778 daAuts
     D:6: 297 daAuts
  Temple: 36 daAuts
